 Dungeon Crawl Stone Soup version 0.25-a0-1133-g93ebf73 (webtiles) character file.

Game seed: 13319694135954688927, levelgen mode: deterministic

79 thirtiethelement the Skirmisher (level 4, -4/37 HPs)
             Began as a Demonspawn Abyssal Knight on May 21, 2020.
             Was a Believer of Lugonu.
             Slain by a gnoll
             ... wielding a +0 halberd
              (15 damage)
             ... on level 2 of the Dungeon.
             The game lasted 00:09:02 (1288 turns).

thirtiethelement the Skirmisher (DsAK)              Turns: 1288, Time: 00:09:03

Health: -4/37      AC: 11    Str: 14    XL:     4   Next: 16%
Magic:  6/6        EV:  6    Int: 13    God:    Lugonu [**....]
Gold:   101        SH:  0    Dex: 12    Spells: 3/3 levels left

rFire    . . .     SeeInvis .   a - +1 falchion
rCold    . . .     Gourm    .   (no shield)
rNeg     . . .     Faith    .   f - +0 chain mail
rPois    .         Spirit   .   (no helmet)
rElec    .         Reflect  .   (no cloak)
rCorr    .         Harm     .   (no gloves)
MR       .....                  (no boots)
Stlth    ..........             (no amulet)
HPRegen  0.12/turn              (no ring)
MPRegen  0.10/turn              (no ring)

@: no status effects
A: yellow scales 2, demonic guardian 1
a: Depart the Abyss, Bend Space, Renounce Religion


You were on level 2 of the Dungeon.
You worshipped Lugonu.
Lugonu was pleased with you.
You were not hungry.

You visited 1 branch of the dungeon, and saw 2 of its levels.
You visited the Abyss 1 time.

You collected 101 gold pieces.

Inventory:

Hand Weapons
 a - a +1 falchion (weapon)
Armour
 f - a +0 chain mail (worn)
 m - a +0 scale mail
Scrolls
 d - a scroll of fear {unknown}
 g - 2 scrolls of identify {unknown}
 h - a scroll of enchant weapon {unknown}
 i - 2 scrolls of teleportation {unknown}
 l - a scroll of noise {unknown}
 o - a scroll of enchant armour {unknown}
Potions
 b - a potion of curing
 e - 2 potions of lignification {unknown}
 j - a potion of magic {unknown}
 k - a potion of resistance {unknown}
 n - a potion of haste {unknown}
Comestibles
 c - 3 rations


   Skills:
 + Level 4.0 Fighting
 + Level 2.4 Long Blades
 + Level 2.3 Armour
 + Level 1.3 Dodging
 + Level 2.6 Invocations


You had 3 spell levels left.
You didn't know any spells.
Your spell library was empty.

Dungeon Overview and Level Annotations

Branches:
Dungeon (2/15)

Altars:


Innate Abilities, Weirdness & Mutations

You are mostly covered in yellow scales. (AC +3)
A weak demonic guardian rushes to your aid.


Message History

The kobold dies!
Lugonu accepts your kill.
The gnoll completely misses your ufetubus.
Your ufetubus barely misses the goblin.
Your ufetubus hits the goblin.
The goblin hits your ufetubus with a +0 club.
The gnoll barely misses your ufetubus.
Your ufetubus hits the gnoll. x2
Your ufetubus hits the gnoll. x2; The gnoll misses your ufetubus.
The goblin hits your ufetubus with a +0 club.
Your ufetubus hits the goblin.
The goblin dies!
Lugonu accepts your kill.
A kobold comes into view. It is wielding a +0 falchion.
The gnoll barely misses your ufetubus.
Your ufetubus barely misses the gnoll.
Your ufetubus hits the gnoll.
The gnoll dies!
Lugonu accepts your kill.
The gnoll hits your ufetubus with a +0 halberd.
Your ufetubus dies!
The gnoll hits you from afar with a +0 halberd!
You die...

#.##### #.# #.....#
#.# #.###.# #.# #.#
#.# #.# #.# #.# #(#
. #.# #.# #.# ...
#.###.# #<#
.....###.....# #.#
.?..K))@.....# #.#
.....g#####.######(#
..... #.....)..#
.... ########## #..
#. .


You could see a gnoll and a kobold.

Vanquished Creatures
  An adder (D:2)
  A gnoll (D:2)
  An ooze (D:1)
  A worm (D:2)
  A leopard gecko (D:2)
  5 bats
  2 giant cockroaches
  4 goblins
  4 hobgoblins
  4 jackals (D:2)
  7 kobolds
  A frilled lizard (D:1)
  11 rats
43 creatures vanquished.

Vanquished Creatures (collateral kills)
  A gnoll (D:2)
  A goblin (D:2)
  A kobold (D:2)
3 creatures vanquished.

Grand Total: 46 creatures vanquished

Notes
Turn   | Place    | Note
-------+----------+-------------------------------------------
     0 | Abyss:1  | thirtiethelement the Demonspawn Abyssal Knight began the
                  | quest for the Orb.
     0 | Abyss:1  | Reached XP level 1. HP: 18/18 MP: 2/2
    40 | D:1      | Escaped the Abyss
   191 | D:1      | Gained mutation: You are partially covered in yellow
                  | scales. (AC +2) [demonic ancestry]
   191 | D:1      | Reached XP level 2. HP: 24/24 MP: 3/3
   795 | D:2      | Gained mutation: You are mostly covered in yellow scales.
                  | (AC +3) [demonic ancestry]
   795 | D:2      | Reached XP level 3. HP: 18/29 MP: 5/5
   919 | D:2      | Reached ** piety under Lugonu
   937 | D:2      | Reached skill level 1 in Dodging
  1175 | D:2      | Reached skill level 4 in Fighting
  1282 | D:2      | Gained mutation: A weak demonic guardian rushes to your
                  | aid. [demonic ancestry]
  1282 | D:2      | Reached XP level 4. HP: 10/37 MP: 6/6
  1288 | D:2      | Slain by a gnoll

Illustrated notes

Levels and vault maps discovered:
D:1:      lightli_arrival_boilingwater, layout_loops_ring, st_stairs_5
D:2:      layout_basic, kennysheep_vampire_church

Skill      XL: |  1  2  3 |
---------------+----------+-----
Armour         | 2 |  2.3
Long Blades    | 2 |  2.4
Dodging        | 1 |  1.3
Fighting       | 4 |  4.0
Invocations    | |  2.6

Action                   |  1- 3 |  4- 6 || total
-------------------------+-------+-------++-------
Melee: Falchion          |   150 |       ||   150
  Use: Potion            |     1 |       ||     1
  Eat: Ration            |     1 |       ||     1
Armor: Leather armour    |     6 |       ||     6
       Chain mail        |   112 |     2 ||   114
Dodge: Dodged            |    56 |       ||    56
       Rpst.: Falchion   |    19 |       ||    19

Table legend:
 A = Non-vault XP
 B = Vault XP
 C = Vault XP percentage of total XP
 D = Non-vault monster count
 E = Vault monster count
 F = Vault count percentage of total count
                 A         B        C        D         E       F
            +---------+---------+-------+---------+---------+-------
      Total |     110 |       3 |   2.7 |      44 |       2 |   4.3
            +---------+---------+-------+---------+---------+-------
        D:1 |      31 |       3 |   8.8 |      15 |       2 |  11.8
        D:2 |      79 |       0 |   0.0 |      29 |       0 |   0.0
            +---------+---------+-------+---------+---------+-------
